AoeStats
← Skipper the II

Four Lakes

509849298Analyzed
1v1 RM · 4d ago on Sep 28, 2026· 68m 41s· 2 players
Game mode
Random Map
Map size
Tiny (2 player)
Population
200
Speed
Normal
Resources
Standard
Victory
Conquest
Starting age
Dark Age
Ending age
Imperial Age
RankedLock teamsTeams togetherTeam positionsShared explorationLock speedFull tech treeHidden civsTurbo modeCheats
Victory
Defeat
🇦🇺 Franks · Australia
529
+16
🇨🇭 Teutons · Switzerland
537
-16
Skipper the II
10:31 Feudal Age
11:53 Wheelbarrow
11:07 Town Watch
11:15 Double-Bit Axe
11:50 Loom
15:07 Fishing Lines
25:55 Castle Age
26:18 Forging
26:09 Scale Mail Armor
26:14 Scale Barding Armor
25:59 Fletching
26:10 Padded Archer Armor
26:55 Town Patrol
28:47 Bow Saw
29:33 Hand Cart
30:15 Elite Skirmisher
30:55 Bodkin Arrow
35:57 Gold Mining
35:57 Stone Mining
38:47 Imperial Age
36:40 Leather Archer Armor
37:00 Iron Casting
36:41 Chain Mail Armor
36:26 Murder Holes
36:44 Fortified Wall
36:47 Masonry
37:29 Gillnets
38:08 Husbandry
37:29 Light Cavalry
38:29 Chain Mail Armor
38:35 Chain Barding Armor
37:39 Ordonnance Companies
39:09 Squires
38:30 Pikeman
38:56 Arson
39:12 Cavalier
40:19 Conscription
41:32 Blast Furnace
41:02 Plate Mail Armor
41:07 Plate Barding Armor
41:39 Gold Shaft Mining
40:59 Arrowslits
41:37 Ballistics
43:26 Paladin
48:57 Chemistry
47:48 Guard Tower
47:39 Treadmill Crane
48:30 Architecture
50:18 Elite Throwing Axeman
51:00 Chivalry
65:34 Hoardings
ivanjoke
0:40 Loom
11:38 Feudal Age
17:49 Double-Bit Axe
18:04 Man-at-Arms
21:43 Castle Age
19:40 Gold Mining
20:30 Fletching
23:01 Forging
23:36 Pikeman
25:05 Squires
25:48 Gambesons
27:28 Stone Mining
30:01 Fishing Lines
30:23 Bodkin Arrow
30:31 Scale Mail Armor
33:37 Imperial Age
34:46 Bow Saw
34:10 Heavy Mounted Crossbowman
35:00 Padded Archer Armor
36:49 Chemistry
37:29 Stone Shaft Mining
37:33 Horse Collar
38:02 Scale Barding Armor
38:33 Iron Casting
38:14 Leather Archer Armor
39:00 Wheelbarrow
39:11 Ballistics
42:19 Two-Man Saw
42:10 Hand Cart
41:47 Town Watch
44:18 Chain Barding Armor
45:35 Halberdier
46:50 Heavy Plow
47:10 Chain Mail Armor
47:19 Conscription
50:32 Elite Skirmisher
50:38 Elite Teutonic Knight
54:52 Blast Furnace
56:27 Plate Mail Armor
62:42 Heavy Scorpion
Connection lost

Rejoining the realm…

Still unreachable

The connection could not be restored.

Session expired

The server has moved on; the page needs a fresh start.